 Dungeon Crawl Stone Soup version 0.30-a0-374-g95c0257040 (webtiles) character file.

Game seed: 15597004000709122823

74 Depression the Insei (level 4, 0/36 HPs)
             Began as a Draconian Transmuter on Nov 25, 2022.
             Slain by Jessica
             ... wielding a +0 dagger of speed
              (3 damage)
             ... on level 2 of the Dungeon.
             The game lasted 00:09:02 (1403 turns).

Depression the Insei (Draconian Transmuter)         Turns: 1403, Time: 00:09:02

Health: 0/36       AC:  5    Str: 12    XL:     4   Next: 10%
Magic:  5/7        EV: 12    Int: 14    God:
Gold:   47         SH:  0    Dex: 13    Spells: 2/8 levels left

rFire   . . .      SeeInvis .      - Unarmed
rCold   . . .      Faith    .    (no shield)
rNeg    . . .      Spirit   .    (body armour unavailable)
rPois   .          Reflect  .    (helmet restricted)
rElec   .          Harm     .    (no cloak)
rCorr   .          Rampage  .    (no gloves)
Will    +....                    (no boots)
Stlth   +.........               (no amulet)
HPRegen 0.26/turn                (no ring)
MPRegen 0.10/turn                (no ring)

@: no status effects
A: AC +5, unfitting armour, cold-blooded, strong-willed 1
a: no special abilities


You were on level 2 of the Dungeon.
You visited 1 branch of the dungeon, and saw 2 of its levels.

You collected 47 gold pieces.

Inventory:

Hand Weapons
 h - a +2 dagger of draining
 l - a +3 dagger
Missiles
 j - 5 poisoned darts
Scrolls
 c - 6 scrolls of identify {unknown}
 d - a scroll of amnesia {unknown}
 f - a scroll of teleportation {unknown}
 n - a scroll of enchant armour {unknown}
 o - a scroll of vulnerability {unknown}
Potions
 a - a potion of lignification
 b - 4 potions of curing
 e - a potion of magic {unknown}
 g - a potion of mutation
 i - a potion of brilliance {unknown}
 k - a potion of cancellation
 m - a potion of degeneration {unknown}
 p - a potion of might {unknown}
 q - a potion of attraction {unknown}
 r - a potion of ambrosia {unknown}


   Skills:
 + Level 2.0 Fighting
 - Level 2.0 Dodging
 * Level 3.6 Unarmed Combat
 + Level 2.6 Spellcasting
 + Level 2.7 Transmutations
 + Level 0.1 Poison Magic


You had 2 spell levels left.
You knew the following spells:

 Your Spells              Type           Power      Damage    Failure   Level
a - Beastly Appendage     Tmut           18%        N/A       8%          1
b - Wereblood             Tmut           9%         N/A       11%         2
c - Spider Form           Tmut/Pois      5%         N/A       36%         3

Your spell library contained the following spells:

 Spells                   Type           Power      Damage    Failure   Level
 Sting                    Tmut/Pois      20%        1d4       13%         1
 Poisonous Vapours        Pois/Air       4%         N/A       32%         2
 Ozocubu's Armour         Ice            1%         N/A       56%         3
 Ice Form                 Ice/Tmut       5%         N/A       77%         4
 Olgreb's Toxic Radiance  Pois           2%         N/A       91%         4
 Ozocubu's Refrigeration  Ice            0%         4d7       100%        7


Dungeon Overview and Level Annotations

Branches:
Dungeon (2/15) Zot: 10595

Altars:
Yredelemnul

Shops:
D:2 (

Annotations:
D:2 Jessica


Innate Abilities, Weirdness & Mutations

Your plain brown scales are hard. (AC +5)
You cannot fit into any form of body armour.
You are cold-blooded and may be slowed by cold attacks.
You are strong-willed. (Will+)


Message History

You grow a pair of large bovine horns.
Your feet morph into talons.
Jessica gestures at you while chanting. Pain shoots through your body!
Jessica closely misses you.
Unknown command.
You hit Jessica but do no damage. Your headbutt misses Jessica.
Your tail-slap misses Jessica.
Jessica hits you with a +0 dagger of speed.
* * * LOW HITPOINT WARNING * * *
Jessica closely misses you.
You barely miss Jessica. Jessica casts a spell at you.
You feel yourself slow down.
You barely miss Jessica. You headbutt Jessica, but do no damage.
You tail-slap Jessica, but do no damage.
Jessica misses you. Jessica closely misses you. Jessica barely misses you.
Jessica closely misses you.
Okay, then.
It was a potion of mutation.
You feel extremely strange.
You feel strong-willed. Jessica barely misses you.
Jessica hits you with a +0 dagger of speed.
* * * LOW HITPOINT WARNING * * *
Jessica hits you with a +0 dagger of speed.
* * * LOW HITPOINT WARNING * * *
Your magical contamination has completely faded away.
You hit Jessica.
Your tail-slap misses Jessica.
Jessica is lightly wounded.
Your transformation is almost over.
Jessica casts a spell at you. Pain shoots through your body!
* * * LOW HITPOINT WARNING * * *
Jessica hits you with a +0 dagger of speed.
* * * LOW HITPOINT WARNING * * *
Jessica completely misses you.
It was a potion of cancellation.
Your magical effects are unravelling.
You feel magically purged.
Your horns disappear.
Your talons disappear.
You feel yourself speed up.
Jessica hits you with a +0 dagger of speed.
You die...

...# #.....# ............##..
...# #..[..# ............##..
...#### #.....# ..........<.##..
......# #.....# .>..........##..
......# #.....# ............##..
......####.....# ####.._...+###..
......'........######.....#.###..
......#####.........#.....#.#....
......'.........@@..+.......#.#.#
..†...#########.....###.......#..
...#'###### #.....# #.......#..
.....†....# #.....# #.......#..
.....)....# #(....# #.......#.#
..........# #.....# #..........
..........# ####### #......##..
..........# #....# #......+...
..........+ +....+.........####


You could see Jessica (fast).

Vanquished Creatures
  2 adders (D:2)
  2 dart slugs (D:1)
  6 ball pythons
  3 bats
  6 endoplasms
  4 giant cockroaches (D:1)
  6 goblins
  5 hobgoblins (D:1)
  2 jackals (D:1)
  A quokka (D:1)
  A frilled lizard (D:1)
  7 kobolds
  A rat (D:2)
46 creatures vanquished.

Notes
Turn   | Place    | Note
-------+----------+-------------------------------------------
     0 | D:1      | Depression the Draconian Transmuter began the quest for the
                  | Orb.
     0 | D:1      | Reached XP level 1. HP: 16/16 MP: 3/3
   174 | D:1      | Reached XP level 2. HP: 20/23 MP: 3/5
   248 | D:1      | Learned a level 2 spell: Wereblood
   293 | D:1      | Reached skill level 2 in Dodging
   528 | D:1      | Reached XP level 3. HP: 29/29 MP: 4/6
   942 | D:2      | Reached skill level 2 in Fighting
  1044 | D:2      | Found a basalt altar of Yredelemnul.
  1171 | D:2      | Found Cyobris's Weapon Emporium.
  1273 | D:2      | Learned a level 3 spell: Spider Form
  1343 | D:2      | Reached XP level 4. HP: 36/36 MP: 4/7
  1388 | D:2      | Noticed Jessica
  1401 | D:2      | Gained mutation: You are strong-willed. (Will+) [potion of
                  | mutation]
  1402 | D:2      | HP: 4/36 [Jessica/nerve-wracking pain (7)]
  1403 | D:2      | Slain by Jessica

Illustrated notes

Levels and vault maps discovered:
D:1:      lightli_arrival_isolated_outpost, layout_basic
D:2:      layout_basic, serial_shops, nicolae_shop_hallway_plus, basic_altar,
          minmay_pentomino_o4, uniq_jessica

Skill      XL: |  1  2  3 |
---------------+----------+-----
Dodging        | 2 |  2.0
Fighting       | 2 |  2.0
Unarmed Combat | |  3.6
Spellcasting   | |  2.6
Transmutations | |  2.7
Poison Magic   | |  0.1

Action                   |  1- 3 |  4- 6 || total
-------------------------+-------+-------++-------
Melee: Unarmed           |   107 |    10 ||   117
       Kick              |    22 |     2 ||    24
       Headbutt          |     7 |     2 ||     9
       Tailslap          |    10 |     2 ||    12
       Punch             |     2 |       ||     2
 Cast: Beastly Appendage |    25 |     3 ||    28
       Wereblood         |     4 |       ||     4
  Use: Potion            |       |     2 ||     2
 Stab: Sleeping          |     1 |       ||     1
Armor: Skin              |    43 |     1 ||    44
Dodge: Dodged            |    48 |    11 ||    59

Table legend: (Time is in decaauts)
 A = Elapsed time spent in this place.
 B = Non-inter-level travel time spent in this place.
 C = Inter-level travel time spent in this place.
 D = Time resting spent in this place.
 E = Time spent auto-exploring this place.
 F = Levels seen in this place.
 G = Mean time per level.
                   A        B        C        D        E       F      G
               +--------+--------+--------+--------+--------+-----+--------+
         Total |   1403 |   1378 |     25 |     34 |    509 |   2 |  701.5 |
       Dungeon |   1403 |   1378 |     25 |     34 |    509 |   2 |  701.5 |
               +--------+--------+--------+--------+--------+-----+--------+

Top non-repeatable levels by time:
     D:1: 880 daAuts
     D:2: 523 daAuts
